RL
ALBANY CHIEFS @ YONKERS HOUNDS
08/23/2059
 
TOP OF THE 1ST
Albany Chiefs batting - Pitching for Yonkers Hounds : RHP Elijah Carlson
Pitching: RHP Elijah Carlson
Batting: RHB Martin McDaniel 0-0: Ball
1-0: Called Strike
1-1: Ground out 6-3 (Groundball, 6MS, EV 89.4 MPH)
Batting: LHB Israel Ball 0-0: Ball
1-0: Ball
2-0: Ground out 4-3 (Groundball, 4, EV 78.8 MPH)
Batting: RHB Luke Johnson 0-0: Ball
1-0: Foul Ball, location: 2F
1-1: Foul Ball, location: 2F
1-2: Strikes out swinging
Top of the 1st over - 0 runs, 0 hits, 0 errors, 0 left on base; Albany 0 - Yonkers 0
BOTTOM OF THE 1ST
Yonkers Hounds batting - Pitching for Albany Chiefs : RHP Lynwood Browning
Pitching: RHP Lynwood Browning
Batting: LHB Michael Kalu 0-0: Called Strike
0-1: Swinging Strike
0-2: Ball
1-2: SOLO HOME RUN (Line Drive, 89XD, EV 105.0 MPH), Distance : 411 ft
Batting: SHB Tate Buckholtz 0-0: Foul Ball, location: 2F
0-1: Foul Ball, location: 2F
0-2: Ball
1-2: Ball
2-2: Ground out U3 (Groundball, 34, EV 88.8 MPH)
Batting: RHB Gareth Peraza 0-0: Foul Ball, location: 2F
0-1: Fly out, F8 (Line Drive, 8RM, EV 105.6 MPH)
Batting: LHB Chase Dykes 0-0: Called Strike
0-1: Ball
1-1: Foul Ball, location: 2F
1-2: Foul Ball, location: 2F
1-2: Ball
2-2: Foul Ball, location: 2F
2-2: Strikes out swinging
Bottom of the 1st over - 1 run, 1 hit, 0 errors, 0 left on base; Albany 0 - Yonkers 1
TOP OF THE 2ND
Albany Chiefs batting - Pitching for Yonkers Hounds : RHP Elijah Carlson
Batting: SHB Ean Fink 0-0: Ball
1-0: Called Strike
1-1: Called Strike
1-2: Ball
2-2: Foul Ball, location: 2F
2-2: Strikes out swinging
Batting: RHB Dane Murray 0-0: Ball
1-0: Ball
2-0: Foul Ball, location: 2F
2-1: Foul Ball, location: 2F
2-2: Foul Ball, location: 2F
2-2: Strikes out swinging
Batting: RHB Tim Mosley 0-0: Ball
1-0: Ball
2-0: Ball
3-0: Base on Balls
Batting: LHB John White 0-0: Foul Ball, location: 2F
0-1: Foul Ball, location: 2F
0-2: Fly out, F7 (Flyball, 7S, EV 86.2 MPH)
Top of the 2nd over - 0 runs, 0 hits, 0 errors, 1 left on base; Albany 0 - Yonkers 1
BOTTOM OF THE 2ND
Yonkers Hounds batting - Pitching for Albany Chiefs : RHP Lynwood Browning
Batting: RHB Chuck Jones 0-0: Ball
1-0: Ball
2-0: Called Strike
2-1: Called Strike
2-2: Strikes out looking
Batting: SHB Dallin Fortier 0-0: Called Strike
0-1: Ball
1-1: Ball
2-1: Swinging Strike
2-2: Ball
3-2: Base on Balls
Batting: RHB Ashton Hammock 0-0: Called Strike
0-1: Ball
Dallin Fortier steals 2nd base
1-1: Foul Ball, location: 2F
1-2: Ball
2-2: Strikes out swinging
Batting: SHB Justen Jackson 0-0: Swinging Strike
0-1: Fly out, F8 (Flyball, 8RXD, EV 78.8 MPH)
Bottom of the 2nd over - 0 runs, 0 hits, 0 errors, 1 left on base; Albany 0 - Yonkers 1
TOP OF THE 3RD
Albany Chiefs batting - Pitching for Yonkers Hounds : RHP Elijah Carlson
Batting: RHB Montray Osewe 0-0: Ball
1-0: Swinging Strike
1-1: Foul Ball, location: 2F
1-2: Strikes out swinging
Batting: RHB Ash Djojopoespito 0-0: Called Strike
0-1: Ball
1-1: Ball
2-1: Foul Ball, location: 2F
2-2: Strikes out swinging
Batting: RHB Martin McDaniel 0-0: Ball
1-0: Called Strike
1-1: Hit by Pitch
Batting: LHB Israel Ball 0-0: Called Strike
0-1: Called Strike
0-2: Foul Ball, location: 2F
0-2: Strikes out looking
Top of the 3rd over - 0 runs, 0 hits, 0 errors, 1 left on base; Albany 0 - Yonkers 1
BOTTOM OF THE 3RD
Yonkers Hounds batting - Pitching for Albany Chiefs : RHP Lynwood Browning
Batting: RHB Mahamadou Tru 0-0: Swinging Strike
0-1: SINGLE (Line Drive, 9LM, EV 103.1 MPH)
Batting: LHB Michael Kalu 0-0: Called Strike
0-1: Ball
1-1: Foul Ball, location: 2F
1-2: 2-RUN HOME RUN (Flyball, 89XD, EV 103.1 MPH), Distance : 387 ft
Batting: SHB Tate Buckholtz 0-0: Called Strike
0-1: SOLO HOME RUN (Flyball, 89XD, EV 105.0 MPH), Distance : 419 ft
Batting: RHB Gareth Peraza 0-0: Ball
1-0: Fly out, F9 (Flyball, 9D, EV 89.4 MPH)
Batting: LHB Chase Dykes 0-0: Called Strike
0-1: Ball
1-1: Ball
2-1: Called Strike
2-2: Fly out, F8 (Flyball, 8LM, EV 93.1 MPH)
Batting: RHB Chuck Jones 0-0: Ball
1-0: Ball
2-0: Called Strike
2-1: Ball
3-1: Called Strike
3-2: Base on Balls
Batting: SHB Dallin Fortier 0-0: Ball
Wild Pitch!
Chuck Jones to second
1-0: Called Strike
1-1: Ground out 4-3 (Groundball, 4, EV 84.4 MPH)
Bottom of the 3rd over - 3 runs, 3 hits, 0 errors, 1 left on base; Albany 0 - Yonkers 4
TOP OF THE 4TH
Albany Chiefs batting - Pitching for Yonkers Hounds : RHP Elijah Carlson
Batting: RHB Luke Johnson 0-0: Foul Ball, location: 2F
0-1: Foul Ball, location: 2F
0-2: Foul Ball, location: 2F
0-2: Strikes out swinging
Batting: SHB Ean Fink 0-0: Swinging Strike
0-1: Called Strike
0-2: Strikes out swinging
Batting: RHB Dane Murray 0-0: Ball
1-0: Fly out, F7 (Flyball, 78S, EV 80.0 MPH)
Top of the 4th over - 0 runs, 0 hits, 0 errors, 0 left on base; Albany 0 - Yonkers 4
BOTTOM OF THE 4TH
Yonkers Hounds batting - Pitching for Albany Chiefs : RHP Lynwood Browning
Batting: RHB Ashton Hammock 0-0: Swinging Strike
0-1: Foul Ball, location: 2F
0-2: Foul Ball, location: 2F
0-2: Foul Ball, location: 2F
0-2: Ball
1-2: Fly out, F8 (Line Drive, 8RD, EV 91.2 MPH)
Batting: SHB Justen Jackson 0-0: Called Strike
0-1: Ball
1-1: Swinging Strike
1-2: Ball
2-2: Strikes out swinging
Batting: RHB Mahamadou Tru 0-0: Foul Ball, location: 2F
0-1: Ball
1-1: Called Strike
1-2: Foul Ball, location: 2F
1-2: Foul Ball, location: 2F
1-2: Ball
2-2: Fly out, F8 (Flyball, 8LD, EV 94.4 MPH)
Bottom of the 4th over - 0 runs, 0 hits, 0 errors, 0 left on base; Albany 0 - Yonkers 4
TOP OF THE 5TH
Albany Chiefs batting - Pitching for Yonkers Hounds : RHP Elijah Carlson
Batting: RHB Tim Mosley 0-0: Ball
1-0: Foul Ball, location: 2F
1-1: Swinging Strike
1-2: Strikes out looking
Batting: LHB John White 0-0: Ball
1-0: Ball
2-0: Called Strike
2-1: Foul Ball, location: 2F
2-2: Strikes out looking
Batting: RHB Montray Osewe 0-0: Called Strike
0-1: Called Strike
0-2: Ball
1-2: Strikes out swinging
Top of the 5th over - 0 runs, 0 hits, 0 errors, 0 left on base; Albany 0 - Yonkers 4
BOTTOM OF THE 5TH
Yonkers Hounds batting - Pitching for Albany Chiefs : RHP Lynwood Browning
Batting: LHB Michael Kalu 0-0: Foul Ball, location: 2F
0-1: Called Strike
0-2: Ball
1-2: Ground out 6-3 (Groundball, 6, EV 109.4 MPH)
Batting: SHB Tate Buckholtz 0-0: Called Strike
0-1: Ball
1-1: Ball
2-1: Foul Ball, location: 2F
2-2: Ball
3-2: Fly out, F8 (Flyball, 78M, EV 91.9 MPH)
Batting: RHB Gareth Peraza 0-0: Called Strike
0-1: Ball
1-1: Swinging Strike
1-2: SINGLE (Groundball, 2R, EV 77.5 MPH) (infield hit)
Batting: LHB Chase Dykes 0-0: Ball
1-0: Foul Ball, location: 2F
1-1: Ball
2-1: Foul Ball, location: 2F
2-2: Ball
3-2: Ground out 4-3 (Groundball, 4, EV 83.1 MPH)
Bottom of the 5th over - 0 runs, 1 hit, 0 errors, 1 left on base; Albany 0 - Yonkers 4
TOP OF THE 6TH
Albany Chiefs batting - Pitching for Yonkers Hounds : RHP Elijah Carlson
Batting: RHB Ash Djojopoespito 0-0: Swinging Strike
0-1: Foul Ball, location: 2F
0-2: Ball
1-2: Strikes out swinging
Batting: RHB Martin McDaniel 0-0: Called Strike
0-1: Called Strike
0-2: Ball
1-2: Strikes out swinging
Batting: LHB Israel Ball 0-0: Swinging Strike
0-1: Ball
1-1: Foul Ball, location: 2F
1-2: Strikes out swinging
Top of the 6th over - 0 runs, 0 hits, 0 errors, 0 left on base; Albany 0 - Yonkers 4
BOTTOM OF THE 6TH
Yonkers Hounds batting - Pitching for Albany Chiefs : RHP Lynwood Browning
Batting: RHB Chuck Jones 0-0: Foul Ball, location: 2F
0-1: Ball
1-1: Ball
2-1: Foul Ball, location: 2F
2-2: Foul Ball, location: 2F
2-2: Fly out, F7 (Flyball, 7D, EV 100.0 MPH)
Batting: SHB Dallin Fortier 0-0: Ball
1-0: Called Strike
1-1: Foul Ball, location: 2F
1-2: Ground out 4-3 (Groundball, 4, EV 86.2 MPH)
Batting: RHB Ashton Hammock 0-0: Called Strike
0-1: Swinging Strike
0-2: Fly out, F9 (Flyball, 9D, EV 96.9 MPH)
Bottom of the 6th over - 0 runs, 0 hits, 0 errors, 0 left on base; Albany 0 - Yonkers 4
TOP OF THE 7TH
Albany Chiefs batting - Pitching for Yonkers Hounds : RHP Elijah Carlson
Batting: RHB Luke Johnson 0-0: Ball
1-0: Fly out, F7 (Flyball, 7D, EV 108.1 MPH)
Batting: SHB Ean Fink 0-0: Ball
1-0: SINGLE (Groundball, 34D, EV 106.9 MPH) (infield hit)
Batting: RHB Dane Murray 0-0: Ball
1-0: Fly out, F6 (Flyball, 5D, EV 98.8 MPH)
Batting: RHB Tim Mosley 0-0: Ball
1-0: Called Strike
Ean Fink steals 2nd base
1-1: Swinging Strike
1-2: Strikes out swinging
Top of the 7th over - 0 runs, 1 hit, 0 errors, 1 left on base; Albany 0 - Yonkers 4
BOTTOM OF THE 7TH
Yonkers Hounds batting - Pitching for Albany Chiefs : RHP Lynwood Browning
Pitching: RHP Simon Kalvoda
Batting: SHB Justen Jackson 0-0: Foul Ball, location: 2F
0-1: Ball
1-1: Ball
2-1: Called Strike
2-2: Foul Ball, location: 2F
2-2: Ball
3-2: Base on Balls
Batting: RHB Mahamadou Tru 0-0: Sac Bunt to 15 - play at first, batter OUT! 1-3
Justen Jackson to second
Batting: LHB Michael Kalu 0-0: Ball
1-0: Foul Ball, location: 2F
1-1: Ball
2-1: Ball
3-1: Foul Ball, location: 2F
3-2: Base on Balls
Batting: SHB Tate Buckholtz 0-0: Called Strike
0-1: Foul Ball, location: 2F
0-2: SINGLE (Flyball, 5D, EV 96.2 MPH)
Justen Jackson to third
Michael Kalu to second
Batting: RHB Gareth Peraza 0-0: Ball
1-0: Called Strike
1-1: Ball
2-1: Ball
3-1: Foul Ball, location: 2F
3-2: Fly out, F8 (Line Drive, 8RM, EV 90.0 MPH)
Runner from 3rd tags up, SCORES, no throw by CF
Batting: LHB Chase Dykes 0-0: Ball
1-0: Foul Ball, location: 2F
1-1: Ball
2-1: Ball
3-1: Swinging Strike
3-2: Ground out 4-3 (Groundball, 4, EV 84.4 MPH)
Bottom of the 7th over - 1 run, 1 hit, 0 errors, 2 left on base; Albany 0 - Yonkers 5
TOP OF THE 8TH
Albany Chiefs batting - Pitching for Yonkers Hounds : RHP Elijah Carlson
Batting: LHB John White 0-0: Ball
1-0: Swinging Strike
1-1: Ball
2-1: Ball
3-1: Foul Ball, location: 2F
3-2: Foul Ball, location: 2F
3-2: Fly out, F6 (Popup, 4MD, EV 55.0 MPH)
Batting: RHB Montray Osewe 0-0: Foul Ball, location: 2F
0-1: Foul Ball, location: 2F
0-2: Strikes out swinging
Batting: RHB Ash Djojopoespito 0-0: Foul Ball, location: 2F
0-1: Ball
1-1: Swinging Strike
1-2: Foul Ball, location: 2F
1-2: Strikes out swinging
Top of the 8th over - 0 runs, 0 hits, 0 errors, 0 left on base; Albany 0 - Yonkers 5
BOTTOM OF THE 8TH
Yonkers Hounds batting - Pitching for Albany Chiefs : RHP Simon Kalvoda
Batting: RHB Chuck Jones 0-0: Called Strike
0-1: Ball
1-1: Ground out U3 (Groundball, 34S, EV 79.4 MPH)
Batting: SHB Dallin Fortier 0-0: Foul Ball, location: 2F
0-1: Swinging Strike
0-2: Ball
1-2: Foul Ball, location: 2F
1-2: SOLO HOME RUN (Flyball, 9D, EV 96.2 MPH), Distance : 354 ft
Batting: RHB Ashton Hammock 0-0: Ball
1-0: Called Strike
1-1: Foul Ball, location: 2F
1-2: Ball
2-2: Foul Ball, location: 2F
2-2: SINGLE (Groundball, 56D, EV 111.9 MPH)
Pitching: RHP Quadir Adesola
Batting: SHB Justen Jackson 0-0: Ball
1-0: Ball
2-0: Foul Ball, location: 2F
2-1: Foul Ball, location: 2F
2-2: Foul Ball, location: 2F
2-2: SINGLE (Flyball, 9S, EV 93.8 MPH)
Ashton Hammock to second
Batting: RHB Mahamadou Tru 0-0: Ball
1-0: Called Strike
1-1: Ball
2-1: Ball
3-1: Foul Ball, location: 2F
3-2: Base on Balls
Ashton Hammock to third
Justen Jackson to second
Batting: LHB Michael Kalu 0-0: Ball
1-0: Fielders Choice at 2nd, 3-6 (Groundball, 34, EV 85.6 MPH)
Ashton Hammock scores
Justen Jackson to third
Batting: SHB Tate Buckholtz 0-0: Called Strike
0-1: Ball
1-1: Swinging Strike
1-2: Ball
2-2: Ball
3-2: Strikes out looking
Bottom of the 8th over - 2 runs, 3 hits, 0 errors, 2 left on base; Albany 0 - Yonkers 7
TOP OF THE 9TH
Albany Chiefs batting - Pitching for Yonkers Hounds : RHP Elijah Carlson
Batting: RHB Martin McDaniel 0-0: Ball
1-0: Ground out 5-3 (Groundball, 56, EV 104.4 MPH)
Batting: LHB Israel Ball 0-0: Ball
1-0: Ground out 6-3 (Groundball, 6, EV 83.8 MPH)
Pinch Hitting: RHB Vincent Cardon 0-0: Ball
1-0: Foul Ball, location: 2F
1-1: Fly out, F2 (Popup, 23F, EV 78.8 MPH)
Top of the 9th over - 0 runs, 0 hits, 0 errors, 0 left on base; Albany 0 - Yonkers 7
Monday, March 25th , 2024 - OOTP Baseball 23.10 Build 110